[Event "*** Titled Tuesday Blitz"]
[Site "Chess.com"]
[Date "2020.05.26"]
[Round "9"]
[White "ErikBlomqvist"]
[Black "vaishali2001"]
[Result "0-1"]
[WhiteElo "2462"]
[BlackElo "2605"]
[TimeControl "180+1"]
[EndTime "11:52:14 PDT"]
[Termination "vaishali2001 won on time"]

1. e4 c5 2. Nf3 Nc6 3. Bb5 g6 4. O-O Bg7 5. Nc3 e5 6. Bc4 h6 7. a3 Nge7 8. d3 d6 9. Rb1 O-O 10. b4 b6 11. bxc5 dxc5 12. Nd5 Be6 13. Nxe7+ Qxe7 14. Bxe6 Qxe6 15. a4 Rad8 16. Be3 Rd7 17. Qd2 Kh7 18. Qc3 f5 19. Rfe1 f4 20. Bd2 g5 21. h3 g4 22. hxg4 Qxg4 23. Qc4 Nd4 24. Nh2 Qg6 25. Kf1 Qh5 26. Nf3 Qh1+ 27. Ng1 Bf6 28.
c3 f3 29. gxf3 Nxf3 30. Ke2 Nxg1+ 31. Rxg1 Qh5+ 32. Ke1 Bh4 33. Be3 Rdf7 0-1

[Event "*** Titled Tuesday Blitz"]
[Site "Chess.com"]
[Date "2020.05.26"]
[Round "9"]
[White "UCantHandleDenker"]
[Black "1f3_2g41-0"]
[Result "1-0"]
[WhiteElo "2460"]
[BlackElo "2276"]
[TimeControl "180+1"]
[EndTime "11:52:14 PDT"]
[Termination "UCantHandleDenker won by checkmate"]

1. Nf3 d5 2. g3 Nf6 3. Bg2 g6 4. O-O Bg7 5. d3 O-O 6. Nbd2 c5 7. e4 d4 8. Re1 Nc6 9. Nc4 b5 10. Nce5 Bb7 11. a4 a6 12. Nxc6 Bxc6 13. Bd2 Nd7 14.
e5 e6 15. Bf4 h6 16. h4 Kh7 17. Qd2 Qc7 18. Qe2 Nb6 19. axb5 axb5 20. Bd2 Qb7 21.
h5 Ra6 22. Rxa6 Qxa6 23. Ng5+ hxg5 24. Bxc6 Bh6 25. Be4 Nd7 26. hxg6+ fxg6 27. Bxg5 Kg7 28. Bxh6+ Kxh6 29. Qd2+ Kg7 30. Qg5 Rf5 31. Bxf5 exf5 32. e6 Nf6 33. e7 Ne8 34. Qf4 Qa5 35. Qe5+ Kf7 36. Kf1 Qb6 37. Qd5+ Kg7 38. Re6 Qc7 39. Qd8 Kf7 40. Qxc7 Nxc7 41. Rc6 Ne8 42. Rxc5 Kxe7 43. Rxb5 Kd6 44. Rb6+ Ke5 45. Rxg6 Nf6 46. f4+ Ke6 47.
b4 Ke7 48. Rxf6 Kxf6 49. Kf2 Ke6 50. Kf3 Kd5 51. g4 fxg4+ 52. Kxg4 Kc6 53. f5 Kb5 54. Kf4 Kxb4 55. Ke4 Kc3 56. f6 Kxc2 57. f7 Kc3 58. f8=Q Kd2 59. Qc5 Ke2 60. Qc2+ Ke1 61. Kf3 Kf1 62.
Qd1# 1-0

[Event "*** Titled Tuesday Blitz"]
[Site "Chess.com"]
[Date "2020.05.26"]
[Round "9"]
[White "DrBergerBerger"]
[Black "heartofatiger"]
[Result "0-1"]
[WhiteElo "2360"]
[BlackElo "2503"]
[TimeControl "180+1"]
[EndTime "11:52:15 PDT"]
[Termination "heartofatiger won on time"]

1. e4 Nf6 2. e5 Nd5 3. Nc3 e6 4. Nf3 d6 5. exd6 Bxd6 6. Ne4 Be7 7. d4 Nd7 8. c4 N5f6 9. Nc3 c5 10. Be2 cxd4 11. Nxd4 a6 12. O-O O-O 13. Be3 Qc7 14. Rc1 b6 15. Bf3 Bb7 16. Bxb7 Qxb7 17. Qf3 Qc7 18. b3 Rac8 19. Rfd1 Rfe8 20. h3 Ba3 21. Rc2 Bb4 22. Ne4 Nxe4 23. Qxe4 Bf8 24. Rcd2 Nc5 25.
Qf3 Rcd8 26. Nc2 Rxd2 27. Rxd2 e5 28. Qd5 e4 29. Bxc5 Bxc5 30. Qd7 Qb8 31. Ne3 Rf8 32.
Qg4 Qe5 33. h4 f5 34. Qg5 h6 35. Qh5 Qc3 36. Qe2 f4 37. Nd5 Qe5 38. b4 Bd4 39. a3 e3 40. fxe3 fxe3 41. Rd1 Rf2 42. Qg4 e2 0-1

[Event "*** Titled Tuesday Blitz"]
[Site "Chess.com"]
[Date "2020.05.26"]
[Round "9"]
[White "lelya96"]
[Black "JulAnt"]
[Result "1/2-1/2"]
[WhiteElo "2268"]
[BlackElo "2390"]
[TimeControl "180+1"]
[EndTime "11:52:15 PDT"]
[Termination "Game drawn by repetition"]

1. e4 c5 2. Nf3 e6 3. d4 cxd4 4. Nxd4 Nf6 5. Nc3 d6 6. Be2 Be7 7. O-O Nc6 8. Be3 O-O 9. f4 a6 10. Kh1 Nxd4 11. Bxd4 b5 12. a3 Bb7 13. Bd3 Qc7 14.
Qe1 Rac8 15. Qg3 g6 16. Rae1 Nd7 17. f5 Bf6 18. Bxf6 Nxf6 19. Qh3 Qe7 20. Qh4 Rce8 21. Ne2 exf5 22. exf5 Qe5 23. Nf4 Qxb2 24. Rxe8 Rxe8 25.
fxg6 fxg6 26. Nxg6 hxg6 27. Qg5 Be4 28. Bxe4 Rxe4 29.
Qxg6+ Kh8 30. Qh6+ Kg8 31. Qg5+ Kh8 32. Qh6+ Kg8 33. Qg6+ Kh8 34. h3 Qe5 35. Qh6+ Kg8 36. Qg6+ Kh8 37. Qh6+ Kg8 38. Qg6+ Kh8 1/2-1/2

[Event "*** Titled Tuesday Blitz"]
[Site "Chess.com"]
[Date "2020.05.26"]
[Round "9"]
[White "kot60"]
[Black "tamarozi99"]
[Result "1-0"]
[WhiteElo "2385"]
[BlackElo "2002"]
[TimeControl "180+1"]
[EndTime "11:52:15 PDT"]
[Termination "kot60 won by resignation"]

1. e4 c5 2. Nc3 Nc6 3. Bc4 g6 4.
d3 Bg7 5. f4 d6 6. f5 gxf5 7.
Nf3 fxe4 8. dxe4 Nf6 9. O-O Bg4 10. Qe1 Bxf3 11. Rxf3 Ne5 12. Rg3 Rg8 13. Bb5+ Kf8 14. Bg5 a6 15. Be2 h6 16. Bxf6 Bxf6 17. Rxg8+ Kxg8 18.
Nd5 Bg7 19. Qg3 Ng6 20. c3 e6 21. Ne3 Qg5 22. Qxg5 hxg5 23. Rd1 Rd8 24. g3 b5 25. a4 b4 26. Bxa6 bxc3 27. bxc3 Bxc3 28. Kg2 Bd4 29. Nc2 Bc3 30. Rd3 Ba5 31. Rb3 Ne5 32. Rb5 Nc4 33. Rb7 d5 34. exd5 exd5 35. Bxc4 dxc4 36. Rb5 Bc3 37.
Ne3 Bb4 38. Nxc4 Ra8 39. Nb6 Kf8 40. Nxa8 Ke7 41. a5 Kd7 42. a6 Kc6 43. Rb6+ Kd7 44. a7 c4 45. Rxb4 c3 46. Nb6+ Ke6 47. a8=Q 1-0

[Event "*** Titled Tuesday Blitz"]
[Site "Chess.com"]
[Date "2020.05.26"]
[Round "9"]
[White "GelmanAlexander"]
[Black "chess94cu"]
[Result "1/2-1/2"]
[WhiteElo "2551"]
[BlackElo "2457"]
[TimeControl "180+1"]
[EndTime "11:52:16 PDT"]
[Termination "Game drawn - insufficient material"]

1. c4 Nf6 2. Nf3 e6 3. d3 d5 4.
Nbd2 c6 5. b3 Nbd7 6. Bb2 Bd6 7.
Rg1 Qe7 8. g4 h6 9. h4 e5 10. g5 hxg5 11. hxg5 Nh5 12. e3 Ba3 13.
Bxa3 Qxa3 14. cxd5 cxd5 15. g6 fxg6 16. Rc1 Qe7 17. Rc7 Qd6 18. Qc2 O-O 19. Bh3 Nb6 20.
Bg4 Bxg4 21. Rxg4 Rac8 22. Rxc8 Rxc8 23. Qb2 Nd7 24. Ke2 b5 25. b4 Qe6 26. Rg5 Re8 27. Qc1 e4 28. dxe4 dxe4 29. Nd4 Qf6 30. Qg1 Ne5 31. Nxe4 Qf7 32. Nd6 Qxa2+ 33. Kf1 Qb1+ 34.
Kg2 Qxg1+ 35. Kxg1 Re7 36. N6xb5 a6 37. Nd6 Nf6 38. f4 Nd3 39. Rxg6 Rxe3 40. Rxg7+ Kxg7 41. N6f5+ Kg6 42. Nxe3 Nxb4 43. Kf2 Nbd5 44. Nxd5 Nxd5 45.
Kf3 Nxf4 46. Kxf4 a5 47. Ke4 a4 48. Kd3 a3 49. Kc3 a2 50. Kb2 a1=Q+ 51. Kxa1 1/2-1/2

[Event "*** Titled Tuesday Blitz"]
[Site "Chess.com"]
[Date "2020.05.26"]
[Round "9"]
[White "almaguerjm"]
[Black "bsnsun"]
[Result "1-0"]
[WhiteElo "2357"]
[BlackElo "2465"]
[TimeControl "180+1"]
[EndTime "11:52:16 PDT"]
[Termination "almaguerjm won by resignation"]

1. d4 Nf6 2. Nc3 d6 3. Bf4 g6 4. e3 Bg7 5. Be2 O-O 6. h4 h6 7.
g4 e5 8. dxe5 dxe5 9. Qxd8 Rxd8 10. Bxe5 Nxg4 11. Bxc7 Re8 12. Nf3 Nc6 13. Bg3 Nb4 14.
O-O-O Bf5 15. Nd4 Bd7 16. a3 Na6 17. Ndb5 Be6 18. Nd6 Re7 19. Ncb5 Nc5 20. Bf3 Ne5 21. Bxe5 Bxe5 22. Ne4 Na4 23. c3 a6 24. Nd4 Bc4 25. Nd2 Bd3 26. N2b3 Bf5 27. Nxf5 gxf5 28. Rhg1+ Kf8 29. Na5 Rc8 30. Bxb7 Rb8 31. Rd5 Bf6 32. Rxf5 Bxh4 33. Rf4 Nc5 34. Rxh4 Nxb7 35. Nc6 Rc8 36. Nxe7 Kxe7 37. Rxh6 Nc5 38. Kc2 Ne4 39. Rh2 Rd8 40.
Rd1 Rg8 41. Rd4 Nc5 42. Rd5 Ne6 43. Ra5 Ra8 44. Rh4 Nc7 45. Rc4 Kd7 46. a4 f6 47.
f4 Re8 48. Kd3 Re6 49. Rd4+ Kc8 50. Rh5 Rb6 51. b4 Re6 52. Rh8+ Kb7 53. Rh7 Kc6 54.
Rc4+ Kb6 55. Rcxc7 Rd6+ 56. Kc4 a5 57. bxa5+ Kxa5 58. Ra7+ Kb6 59. Rhb7+ Kc6 60. Ra6+ 1-0

[Event "*** Titled Tuesday Blitz"]
[Site "Chess.com"]
[Date "2020.05.26"]
[Round "9"]
[White "pavelalexandru07"]
[Black "marszach123"]
[Result "1-0"]
[WhiteElo "2144"]
[BlackElo "2157"]
[TimeControl "180+1"]
[EndTime "11:52:17 PDT"]
[Termination "pavelalexandru07 won on time"]

1. e4 c5 2. Nf3 d6 3. d4 cxd4 4. Nxd4 Nf6 5. Nc3 a6 6. Bg5 e6 7. f4 Nbd7 8. Qf3 Qc7 9. O-O-O b5 10. a3 Bb7 11. g4 Be7 12. Bxf6 Nxf6 13. g5 Nd7 14. f5 Bxg5+ 15. Kb1 O-O 16. Rg1 Bh6 17. Qh3 Kh8 18. fxe6 Ne5 19. Nf5 fxe6 20. Nxh6 gxh6 21. Qxe6 Rad8 22. Be2 Qf7 23. Qxh6 Qf6 24. Qh3 Bc8 25. Qe3 Be6 26. Rdf1 Qe7 27. Qh6 Rxf1+ 28. Rxf1 Rg8 29. Qf4 Ng6 30. Qe3 Rf8 31. Qd4+ Kg8 32. Rxf8+ Qxf8 33. Nd5 Bxd5 34. Qxd5+ Kg7 35. Qb7+ Qf7 36.
Qxa6 Qf2 37. Qxb5 Qe1+ 38. Ka2 Ne5 39. Bd3 Qd2 40. Qd5 Nxd3 41. Qxd3 1-0

[Event "*** Titled Tuesday Blitz"]
[Site "Chess.com"]
[Date "2020.05.26"]
[Round "9"]
[White "EvgenyRomanov"]
[Black "SCIM"]
[Result "1-0"]
[WhiteElo "2657"]
[BlackElo "2520"]
[TimeControl "180+1"]
[EndTime "11:52:18 PDT"]
[Termination "EvgenyRomanov won by resignation"]

1. c4 g6 2. d4 Nf6 3. Nc3 d5 4.
e3 Bg7 5. cxd5 Nxd5 6. Nxd5 Qxd5 7. Ne2 O-O 8. Nc3 Qd8 9. Be2 c5 10. d5 a6 11. a4 e6 12. Bf3 exd5 13. Nxd5 Nc6 14.
Bd2 Ne5 15. Bc3 Be6 16. Bxe5 Bxe5 17. O-O Qd6 18. Nf6+ Kg7 19. Qxd6 Bxd6 20. Nd5 Be5 21. Rac1 Rac8 22. b3 Rfd8 23. Rfd1 Rd6 24. a5 Rcd8 25. Rxc5 g5 26. g4 h5 27. h3 hxg4 28. hxg4 Rh8 29.
Kf1 Rh3 30. Ke2 Bd7 31. Nc3 Rxd1 32. Nxd1 Bb5+ 33. Kd2 Bd6 34. Rxg5+ Kf8 35. Rxb5 axb5 36. Bxb7 Bb8 37. Nc3 b4 38. Nb5 Rh2 39. Ke2 Rh6 40.
a6 Rb6 41. Nd4 Ba7 42. Nc6 Rxc6 43. Bxc6 Ke7 44. Kd3 f6 45. Kc4 Kd6 46. Be8 1-0

[Event "*** Titled Tuesday Blitz"]
[Site "Chess.com"]
[Date "2020.05.26"]
[Round "9"]
[White "dosto07"]
[Black "Playgood28"]
[Result "0-1"]
[WhiteElo "2131"]
[BlackElo "2296"]
[TimeControl "180+1"]
[EndTime "11:52:20 PDT"]
[Termination "Playgood28 won on time"]

1. d4 f5 2. Nc3 Nf6 3. Bg5 d5 4. Nf3 e6 5. e3 Be7 6. Bxf6 Bxf6 7. Be2 O-O 8. O-O c6 9. Rb1 Nd7 10. b4 a6 11. a4 Qe7 12. Bd3 g6 13. Re1 e5 14. dxe5 Nxe5 15. Nxe5 Bxe5 16. Ne2 Qg7 17. Qd2 g5 18. f4 gxf4 19. exf4 Bf6 20. Rf1 Bd7 21. Rf3 Kh8 22. Ng3 Qg4 23. Kh1 Rae8 24. b5 axb5 25. axb5 c5 26. c4 d4 27. Qc2 Bg7 28.
h3 Qg6 29. Rbf1 Re3 30. Rxe3 dxe3 31. Rf3 Bd4 32. Ne2 Qd6 33. Nxd4 cxd4 34. c5 Qd5 35. c6 bxc6 36. b6 c5 37. Bc4 Qe4 38. Bd3 Qd5 39.
Bc4 Qe4 40. Bd3 Qc6 41. Qb2 Rb8 42. Bb5 Qxb6 0-1

[Event "*** Titled Tuesday Blitz"]
[Site "Chess.com"]
[Date "2020.05.26"]
[Round "9"]
[White "SketchyMoves"]
[Black "Sanyura"]
[Result "0-1"]
[WhiteElo "2627"]
[BlackElo "2515"]
[TimeControl "180+1"]
[EndTime "11:52:21 PDT"]
[Termination "Sanyura won on time"]

1. b3 e5 2. Bb2 d6 3. e3 Nf6 4. Nf3 g6 5. d4 exd4 6. Nxd4 Bg7 7. Be2 O-O 8. Bf3 Nbd7 9. c4 a5 10. Nc3 Nc5 11. O-O a4 12. Rc1 axb3 13. axb3 c6 14.
Qd2 Qb6 15. Qc2 Na6 16. Ra1 Nb4 17. Qd2 Rxa1 18. Rxa1 Na6 19. Na4 Qc7 20. Nc3 Nd7 21.
Rxa6 bxa6 22. Nxc6 Nf6 23. Qd4 Be6 24. Qh4 h6 25.
Nb5 g5 26. Nxc7 gxh4 27. Nxa6 Nd7 28. Bxg7 Kxg7 29. Nc7 Rc8 30. Nxe6+ fxe6 31. Nd4 Kf6 32. g3 hxg3 33. hxg3 Ne5 34. Be2 Nc6 35. Nb5 Rd8 36. f4 Na5 37. Bd1 e5 38. Kf2 d5 39. Nc7 dxc4 40. bxc4 Rxd1 0-1

[Event "*** Titled Tuesday Blitz"]
[Site "Chess.com"]
[Date "2020.05.26"]
[Round "9"]
[White "vidavi"]
[Black "JoySpaceman"]
[Result "1-0"]
[WhiteElo "2325"]
[BlackElo "2477"]
[TimeControl "180+1"]
[EndTime "11:52:21 PDT"]
[Termination "vidavi won on time"]

1. d4 Nf6 2. Nc3 e6 3. e4 d6 4. f4 Nfd7 5. Nf3 c5 6. Be3 cxd4 7. Nxd4 a6 8. Qf3 Be7 9. O-O-O O-O 10. Kb1 b5 11. f5 Nc5 12. Nxe6 Nxe6 13. e5 Nc7 14. f6 gxf6 15. exd6 Bxd6 16. Ne4 f5 17. Nxd6 Nd7 18. Bh6 Qf6 19. Qg3+ Qg6 20. Nxf5 Re8 21. Bd3 Qxg3 22. hxg3 Ne5 23. Be4 Bxf5 24. Bxf5 Rad8 25.
Rde1 Ng6 26. a4 Nd5 27. axb5 axb5 28. g4 Ne3 29. Bg5 Nxf5 30. Bxd8 Rxd8 31. gxf5 Nf4 32.
g3 Nd5 33. Rh5 f6 34. Rh4 Rd7 35. Rg4+ Kf7 36. Rh1 Kf8 37. Rgh4 Kg8 38. Rd4 1-0

[Event "*** Titled Tuesday Blitz"]
[Site "Chess.com"]
[Date "2020.05.26"]
[Round "9"]
[White "floplover"]
[Black "MFBerna"]
[Result "0-1"]
[WhiteElo "2247"]
[BlackElo "2393"]
[TimeControl "180+1"]
[EndTime "11:52:21 PDT"]
[Termination "MFBerna won on time"]

1. d4 d5 2. c4 e6 3. Nc3 c6 4.
e4 dxe4 5. Nxe4 Nf6 6. Nxf6+ Qxf6 7. Nf3 Bb4+ 8. Bd2 Bxd2+ 9. Qxd2 Nd7 10. Bd3 O-O 11.
O-O e5 12. Ng5 Qh6 13. Bxh7+ Kh8 14. f4 exf4 15. Qxf4 f6 16. Ne6 Qxf4 17. Rxf4 Kxh7 18. Nxf8+ Nxf8 19. d5 cxd5 20. cxd5 Bd7 21. Rc1 Re8 22.
Rc7 b6 23. Rxa7 Re2 24. Rf2 Re1+ 25. Rf1 Re2 26. b4 b5 27. h3 Rd2 28. Re1 Kh6 29. Re7 Rxd5 30. Kh2 Rd2 31. a3 g6 32. Kg1 Bc6 33. g4 Kg5 34. Kf1 Rh2 35. Rac7 Bd5 36. Rc3 Bc4+ 37. Ke1 Rh1+ 38. Kd2 Rh2+ 39. Kc1 Rh1+ 40.
Kd2 Ra1 0-1

[Event "*** Titled Tuesday Blitz"]
[Site "Chess.com"]
[Date "2020.05.26"]
[Round "9"]
[White "Shushik"]
[Black "RobPeresian"]
[Result "1-0"]
[WhiteElo "2149"]
[BlackElo "2301"]
[TimeControl "180+1"]
[EndTime "11:52:21 PDT"]
[Termination "Shushik won on time"]

1. e4 c5 2. Nf3 d6 3. d4 cxd4 4. Nxd4 Nf6 5. Nc3 a6 6. Be3 e6 7. f3 Be7 8. Qd2 Nc6 9. O-O-O O-O 10. g4 Nxd4 11. Bxd4 Nd7 12. h4 b5 13. g5 Ne5 14.
Be2 b4 15. Nb1 Qc7 16. Qxb4 Nc6 17. Qc3 e5 18. Be3 Be6 19. f4 Bxa2 20. Na3 Rfc8 21.
b3 Qb7 22. Kb2 Nb4 23. Bc4 Qxe4 24. Qxb4 Qxe3 25. Kxa2 d5 26. Qxe7 dxc4 27. Nxc4 Qc3 28. Qxe5 Rxc4 29. bxc4 Qxc2+ 30. Qb2 Qxc4+ 31. Qb3 Qxf4 32. Rb1 a5 33. Rhf1 Qh2+ 34. Rb2 Qd6 35. Qxf7+ Kh8 36. Qb7 Rd8 37. Qb3 Qd4 38. Rbf2 Qc5 39. Qf7 h6 40. g6 Rg8 41. Qb3 a4 42. Qxa4 1-0

[Event "*** Titled Tuesday Blitz"]
[Site "Chess.com"]
[Date "2020.05.26"]
[Round "9"]
[White "ShahMatKanal"]
[Black "StockholmMissile"]
[Result "1-0"]
[WhiteElo "2472"]
[BlackElo "2417"]
[TimeControl "180+1"]
[EndTime "11:52:22 PDT"]
[Termination "ShahMatKanal won by resignation"]

1. e4 e5 2. f4 d5 3. exd5 exf4 4. Nf3 Nf6 5. d4 Nxd5 6. Bc4 Be7 7. O-O O-O 8. Nc3 Nxc3 9. bxc3 Bd6 10. Bd3 Nd7 11.
Qe1 Re8 12. Qf2 Nf6 13. Ne5 Bxe5 14. dxe5 Ng4 15. Qxf4 Nxe5 16. Ba3 Nxd3 17. Qxf7+ Kh8 18. Bf8 Qg5 19. Bxg7+ Qxg7 20. Qxe8+ Qg8 21. Qf8 Qxf8 22. Rxf8+ Kg7 23. Re8 Nc5 24. Rf1 Nd7 25. Re7+ Kg6 26. Rff7 Nb6 27. Rg7+ Kf6 28. Rgf7+ Kg6 29. Rxh7 Bf5 30.
Rhg7+ Kf6 31. Rgf7+ Kg6 32. Rxc7 Rd8 33. h4 Rd1+ 34. Kh2 Rd2 35. h5+ Kg5 36. h6 Be4 37. h7 Rxg2+ 38. Kh3 Rg1 39. Rg7+ Kf4 40. Rxg1 Bxh7 41.
Rxh7 1-0

[Event "*** Titled Tuesday Blitz"]
[Site "Chess.com"]
[Date "2020.05.26"]
[Round "9"]
[White "Orest_Vovk"]
[Black "Tall-guy"]
[Result "1-0"]
[WhiteElo "2437"]
[BlackElo "2149"]
[TimeControl "180+1"]
[EndTime "11:52:22 PDT"]
[Termination "Orest_Vovk won on time"]

1. e4 c5 2. Be2 g6 3. f4 Bg7 4.
Nf3 Nc6 5. c3 d5 6. d3 dxe4 7.
dxe4 Qxd1+ 8. Bxd1 Nf6 9. Bc2 Bg4 10. Be3 Bxf3 11. gxf3 b6 12. Nd2 O-O-O 13. O-O-O Rd7 14. Ba4 Kc7 15. Nc4 Rxd1+ 16. Rxd1 Ne8 17. f5 gxf5 18. exf5 Nd6 19. Bf4 Rd8 20. Re1 Bf6 21. Ne3 e6 22. fxe6 fxe6 23. Ng4 e5 24. Bg3 Bg5+ 25. Kb1 b5 26.
Bc2 Bf4 27. Nxe5 Bxg3 28. hxg3 Nxe5 29. Rxe5 Nc4 30. Re7+ Kb6 31. Be4 Rd1+ 32. Kc2 Rd2+ 33. Kc1 Rxb2 34. a4 Rf2 35. axb5 Kxb5 36. Bd3 Rxf3 37.
Rb7+ Kc6 38. Be4+ 1-0

[Event "*** Titled Tuesday Blitz"]
[Site "Chess.com"]
[Date "2020.05.26"]
[Round "9"]
[White "HanSchut"]
[Black "eCztery"]
[Result "0-1"]
[WhiteElo "2167"]
[BlackElo "2331"]
[TimeControl "180+1"]
[EndTime "11:52:22 PDT"]
[Termination "eCztery won by resignation"]

1. e4 c5 2. Nf3 Nc6 3. d4 cxd4 4. Nxd4 g6 5. c4 Nf6 6. Nc3 Nxd4 7. Qxd4 d6 8. Bg5 Bg7 9. Be2 O-O 10. Qd2 a5 11. b3 a4 12. Rc1 axb3 13. axb3 Qb6 14. Bd1 Be6 15. O-O Rfe8 16. Kh1 Nd7 17. Be3 Qa5 18.
f4 Nc5 19. Bxc5 Qxc5 20. Na4 Qd4 21. Qxd4 Bxd4 22. f5 Bd7 23. Nc3 Bxc3 24. Rxc3 Ra1 25. Kg1 gxf5 26. exf5 Bxf5 27. Rg3+ Bg6 28. h4 Kh8 29. h5 Be4 30. Re3 f5 31. g4 Rg8 32.
Kh2 Rxd1 33. Rxd1 Rxg4 34. Rg1 Rh4+ 35. Kg3 Rxh5 36. Kf2 Rh2+ 37. Kg3 Rb2 38. Kf4 e5+ 39. Kg5 Kg7 40. Kh5+ Kf6 41. Kh6 Rh2+ 0-1

[Event "*** Titled Tuesday Blitz"]
[Site "Chess.com"]
[Date "2020.05.26"]
[Round "9"]
[White "DonPreuss"]
[Black "Ariadna_Atreides"]
[Result "1-0"]
[WhiteElo "2232"]
[BlackElo "2071"]
[TimeControl "180+1"]
[EndTime "11:52:22 PDT"]
[Termination "DonPreuss won on time"]

1. f4 b6 2. Nf3 Bb7 3. g3 g6 4. Bg2 Bg7 5. O-O Nf6 6. d3 d5 7. c3 c5 8. Qe1 d4 9. Nbd2 O-O 10. h3 dxc3 11. bxc3 Nd5 12. Ne4 f5 13. Neg5 Bxc3 14. Bd2 Bxa1 15. Qxa1 Rf6 16. Ne5 h6 17. Ngf3 Nc6 18. e4 Ndb4 19. Bc3 Nxd3 20. Nxd3 Qxd3 21. Bxf6 exf6 22. Qxf6 Qd7 23. Qxg6+ Qg7 24. Qxf5 Nd4 25. Nxd4 Qxd4+ 26. Kh2 Rf8 27. Qg6+ Qg7 28. Qxg7+ Kxg7 29. e5 Bxg2 30. Kxg2 c4 31. Rd1 Rc8 32. Kf3 c3 33.
Ke4 b5 34. f5 b4 35. f6+ Kf7 36.
Kf5 c2 37. e6+ Kf8 38. Rc1 a5 39. Kg6 Ke8 40. Kg7 1-0

[Event "*** Titled Tuesday Blitz"]
[Site "Chess.com"]
[Date "2020.05.26"]
[Round "9"]
[White "Maybe00"]
[Black "OparinGrigoriy"]
[Result "0-1"]
[WhiteElo "2809"]
[BlackElo "2906"]
[TimeControl "180+1"]
[EndTime "11:52:23 PDT"]
[Termination "OparinGrigoriy won by resignation"]

1. d4 Nf6 2. c4 e6 3. Nf3 d5 4.
Nc3 Be7 5. Bf4 O-O 6. a3 b6 7. e3 Bb7 8. cxd5 Nxd5 9. Nxd5 Qxd5 10. Bxc7 Nc6 11. Be2 Rac8 12. Bg3 Na5 13. O-O Qb3 14.
Qxb3 Nxb3 15. Rab1 Be4 16. Rbd1 Rc2 17. Bd3 Bxd3 18.
Rxd3 Rxb2 19. d5 exd5 20. Be5 d4 21. Nxd4 Nxd4 22. Bxd4 Ra2 23. Rc1 Bxa3 24. Rc7 Bb4 25. g4 h6 26. h4 Re8 27. Rd1 Be7 28. h5 Bh4 29. Rf1 Re4 30. f3 Re8 31. Rfc1 Bf2+ 32. Kf1 Bxe3 33. Rc8 Bxc1 34. Rxe8+ Kh7 35. Re7 Ra4 36.
Be5 Bf4 37. Bxf4 Rxf4 38. Kf2 a5 39. Rb7 Rb4 40. Rxf7 a4 41. Ra7 b5 42. Kg3 Kg8 43. f4 Rb3+ 44. Kh4 a3 45. g5 hxg5+ 46. fxg5 Rb4+ 47.
Kg3 Ra4 48. Rc7 a2 49. Rc8+ Kf7 50. Rc7+ Ke6 0-1

[Event "*** Titled Tuesday Blitz"]
[Site "Chess.com"]
[Date "2020.05.26"]
[Round "9"]
[White "MuhittinBuker"]
[Black "orrbaverlekszarnyon"]
[Result "0-1"]
[WhiteElo "1892"]
[BlackElo "2191"]
[TimeControl "180+1"]
[EndTime "11:52:23 PDT"]
[Termination "orrbaverlekszarnyon won on time"]

1. d4 Nf6 2. c4 Nc6 3. Nc3 e5 4. d5 Ne7 5. e4 Ng6 6. f3 Bc5 7. Bd3 O-O 8. Nge2 d6 9. Na4 Bb4+ 10. Bd2 Bxd2+ 11. Qxd2 Nh5 12. O-O-O Bd7 13. Nac3 a6 14.
Kb1 b5 15. Rc1 Nhf4 16. Nxf4 Nxf4 17. Bf1 Qb8 18. g3 Ng6 19. f4 bxc4 20. h4 Qb4 21. h5 Ne7 22. f5 Nxf5 23. exf5 Bxf5+ 24. Ka1 a5 25. Qg5 g6 26. Qf6 Rfb8 27. Rh2 a4 28. a3 Qc5 29. g4 Bxg4 30. hxg6 fxg6 31. Be2 Bxe2 32. Rxh7 Kxh7 33. Ne4 Qe3 34. Ng5+ Kh6 35. Nf7+ Kh7 36. Ng5+ Kh6 37. Nf7+ Kh5 38. Rh1+ Kg4 39. Qxg6+ Kf3 40. Rh3+ Kf2 41. Rxe3 Kxe3 42. Qg3+ Bf3 43. Qe1+ Kf4 44. Qc1+ Kf5 45. Qg5+ Ke4 0-1

[Event "*** Titled Tuesday Blitz"]
[Site "Chess.com"]
[Date "2020.05.26"]
[Round "9"]
[White "Shota_Azaladze"]
[Black "temus_galaktionov"]
[Result "1-0"]
[WhiteElo "2842"]
[BlackElo "2702"]
[TimeControl "180+1"]
[EndTime "11:52:24 PDT"]
[Termination "Shota_Azaladze won by resignation"]

1. Nf3 c6 2. g3 g6 3. Bg2 Bg7 4. O-O d6 5. d4 Nd7 6. c4 e5 7.
Nc3 Ngf6 8. e4 O-O 9. Re1 Re8 10. h3 a5 11. b3 exd4 12. Nxd4 Nc5 13. Bf4 Nh5 14. Be3 Qc7 15. Qc2 Bd7 16. Rad1 Rad8 17. g4 Nf6 18. f4 Bc8 19. Bf2 Re7 20. a3 Rde8 21. b4 axb4 22. axb4 Na6 23. b5 Nc5 24. bxc6 bxc6 25. e5 dxe5 26. Nxc6 exf4 27. Nxe7+ Rxe7 28. Nb5 Rxe1+ 29. Rxe1 Qa5 30. g5 Bf5 31. Qc3 Qxc3 32.
Nxc3 Nfd7 33. Re8+ Bf8 34. Nd5 Ne6 35. Nf6+ Nxf6 36.
gxf6 h6 37. Bd5 Bxh3 38. Bxe6 Bxe6 39. Bc5 Bxc4 40. Bxf8 Kh7 41. Bg7 g5 42. Rh8+ Kg6 43. Rxh6+ Kf5 44. Bf8 g4 45. Bd6 Kg5 46. Rh8 g3 47. Rc8 Be6 48. Rb8 Bh3 49. Rb4 g2 50.
Bxf4+ Kxf6 51. Be3 Ke6 52. Kh2 Kf5 53. Kxh3 1-0

[Event "*** Titled Tuesday Blitz"]
[Site "Chess.com"]
[Date "2020.05.26"]
[Round "9"]
[White "ClassyEl"]
[Black "Thipsay"]
[Result "1-0"]
[WhiteElo "2625"]
[BlackElo "2480"]
[TimeControl "180+1"]
[EndTime "11:52:25 PDT"]
[Termination "ClassyEl won by resignation"]

1. d4 Nf6 2. Bg5 g6 3. Bxf6 exf6 4. e3 f5 5. g3 Bg7 6. Bg2 O-O 7.
c4 d6 8. Ne2 Nc6 9. Nbc3 Bd7 10. O-O Rc8 11. Rb1 Rb8 12. b4 Ne7 13. b5 h5 14. h4 Kh7 15. a4 Ng8 16. Nd5 Nf6 17. Nxf6+ Bxf6 18. Nf4 Re8 19. a5 Bg7 20. Bd5 Qe7 21.
Qf3 Bh6 22. Bxb7 Bxf4 23. exf4 Qe2 24. Bd5 Qxf3 25. Bxf3 Kg7 26. Rfe1 Kf8 27. Bd5 Re7 28. Rxe7 Kxe7 29. Kg2 Kf6 30. Re1 Be6 31. Bxe6 fxe6 32. Rc1 Ke7 33. Kf3 Kd7 34. Rb1 Rb7 35. a6 Rb8 36. Ke3 Kc8 37. Kd3 c5 38. Re1 Kd7 39. f3 Rb6 40. dxc5 dxc5 41. g4 Rd6+ 42. Kc3 fxg4 43.
fxg4 Kc7 44. gxh5 gxh5 45. Re5 Kb6 46. Rxh5 Rd4 47. Re5 Rxf4 48. Rxe6+ Ka5 49. Rh6 Rf3+ 50. Kd2 Kb4 51. b6 axb6 52. Rxb6+ Kxc4 53. a7 Ra3 54. Rb7 Kd5 55. h5 c4 56. h6 Ra2+ 57. Kc3 Ra3+ 58. Kc2 Kd4 59. Rd7+ Kc5 60. h7 Kb6 61. h8=Q Ra2+ 62.
Kc3 Ra3+ 63. Kxc4 Ra4+ 64. Kb3 Rxa7 1-0

[Event "*** Titled Tuesday Blitz"]
[Site "Chess.com"]
[Date "2020.05.26"]
[Round "9"]
[White "Lovinski"]
[Black "ChronicUnhappiness"]
[Result "1/2-1/2"]
[WhiteElo "2399"]
[BlackElo "2281"]
[TimeControl "180+1"]
[EndTime "11:52:25 PDT"]
[Termination "Game drawn by repetition"]

1. Nf3 Nf6 2. g3 g6 3. Bg2 Bg7 4. d4 O-O 5. O-O d6 6. b3 c5 7. Bb2 Ne4 8. Nbd2 Nxd2 9. Qxd2 Nc6 10. c4 Bg4 11. dxc5 dxc5 12. Bxg7 Qxd2 13. Nxd2 Kxg7 14.
Bxc6 bxc6 15. f3 Bf5 16. g4 Rfd8 17. gxf5 Rxd2 18. fxg6 hxg6 19. Kf2 Rad8 20. Rfc1 Rb2 21. Rcb1 Rdd2 22. Rxb2 Rxb2 23. Ke3 f5 24. Rd1 Rxa2 25.
Rd7 Kf7 26. Rc7 Ra6 27. h4 Kf6 28. f4 e6 29. Kd3 e5 30. fxe5+ Kxe5 31. Re7+ Kf6 32.
Rc7 g5 33. hxg5+ Kxg5 34. Re7 Ra3 35. Kc3 Kf4 36. e3+ Kf3 37. Re5 a5 38. Rxf5+ Kxe3 39. Rxc5 a4 40. Kb4 Rxb3+ 41. Kxa4 Kd4 42. Rxc6 Rb1 43.
Rc8 Rc1 44. Kb5 Rb1+ 45. Ka5 Ra1+ 46. Kb6 Rb1+ 47. Ka6 Ra1+ 48. Kb6 Rb1+ 49. Ka5 Ra1+ 50. Kb6 1/2-1/2

[Event "*** Titled Tuesday Blitz"]
[Site "Chess.com"]
[Date "2020.05.26"]
[Round "9"]
[White "Fins0905"]
[Black "MartinCerveny"]
[Result "1/2-1/2"]
[WhiteElo "2647"]
[BlackElo "2522"]
[TimeControl "180+1"]
[EndTime "11:52:26 PDT"]
[Termination "Game drawn by repetition"]

1. d4 d5 2. c4 c6 3. cxd5 cxd5 4. Bg5 Nc6 5. Nc3 h6 6. Bh4 Qa5 7. e3 e6 8. Bd3 b6 9. a3 b5 10. Bxb5 Bd7 11. Nf3 Nf6 12. O-O Bd6 13. b4 Qb6 14.
Bd3 Ne7 15. Na4 Bxa4 16. Qxa4+ Kf8 17. Ne5 g5 18. Bg3 Kg7 19. f4 Bxe5 20. fxe5 Ne4 21. Bxe4 dxe4 22. Rac1 Rhc8 23. Qd7 Rxc1 24. Rxc1 Nf5 25.
Bf2 g4 26. Rc7 Rf8 27. Rxa7 Qb8 28. Rc7 Qa8 29. Qxe6 Qxa3 30. g3 Nxe3 31. Qf6+ Kg8 32. Bxe3 Qxe3+ 33. Qf2 Qd3 34. Qf6 Qe3+ 35. Kg2 Qe2+ 36.
Qf2 Qd3 37. Qf6 e3 38. Qxh6 Qe4+ 39. Kg1 e2 40. Qg5+ Kh8 41. Qh5+ Kg8 42. Qg5+ Kh8 43. Qh5+ Kg8 44. Qg5+ 1/2-1/2